 Dungeon Crawl Stone Soup version 0.29.1-13-g9f3cf754e1 (webtiles) character file.

Game seed: 3206442637920940585

107 growler the Trooper (level 4, -1/38 HPs)
             Began as a Demonspawn Wanderer on Feb 6, 2023.
             Was an Initiate of Vehumet.
             Succumbed to a water moccasin's poison
             ... on level 4 of the Dungeon.
             The game lasted 00:03:20 (3159 turns).

growler the Trooper (Demonspawn Wanderer)           Turns: 3159, Time: 00:03:21

Health: -1/38      AC: 10    Str: 26    XL:     4   Next: 56%
Magic:  5/5        EV: 10    Int: 14    God:    Vehumet [......]
Gold:   174        SH:  0    Dex: 12    Spells: 4/5 levels left

rFire   . . .      SeeInvis .   a - +1 war axe
rCold   . . .      Faith    .   (no shield)
rNeg    . . .      Spirit   .   g - +0 ring mail
rPois   .          Reflect  .   (no helmet)
rElec   .          Harm     .   p - +2 cloak
rCorr   .          Rampage  .   (no gloves)
Will    .....                   (no boots)
Stlth   +.........              (no amulet)
HPRegen 0.12/turn               i - +6 ring of strength
MPRegen 0.18/turn               q - +6 ring of strength

@: lethally poisoned (-1 -> -7)
A: thin metallic scales 1, magic regeneration
a: Renounce Religion


You were on level 4 of the Dungeon.
You worshipped Vehumet.
Vehumet was noncommittal.
You visited 1 branch of the dungeon, and saw 4 of its levels.

You collected 174 gold pieces.

Inventory:

Hand Weapons
 a - a +1 war axe (weapon)
Armour
 g - a +0 ring mail (worn)
 p - a +2 cloak (worn)
Jewellery
 i - a +6 ring of strength (left hand)
 q - a +6 ring of strength (right hand)
Scrolls
 b - 2 scrolls of fog
 d - 3 scrolls of identify {unknown}
 e - 2 scrolls of immolation {unknown}
 f - 3 scrolls of teleportation {unknown}
 l - a scroll of blinking {unknown}
 n - a scroll of vulnerability {unknown}
 o - 3 scrolls of enchant weapon {unknown}
Potions
 c - 2 potions of curing {unknown}
 h - a potion of degeneration {unknown}
 j - a potion of brilliance {unknown}
 k - 2 potions of heal wounds {unknown}
 m - 3 potions of lignification {unknown}
 r - a potion of magic {unknown}


   Skills:
 + Level 4.5 Fighting
 - Level 3.6 Axes
 - Level 1.0 Spellcasting
 - Level 4.3 Necromancy


You had 4 spell levels left.
You knew the following spells:

 Your Spells              Type           Power      Damage    Failure   Level
a - Necrotise             Necr           48%        1d6       7%          1

Your spell library contained the following spells:

 Spells                   Type           Power      Damage    Failure   Level
 Vampiric Draining        Necr           12%        2d6       21%         3


Dungeon Overview and Level Annotations

Branches:
Dungeon (4/15)
 Temple: D:4-7

Altars:
Nemelex Xobeh
Okawaru
Uskayaw
Vehumet


Innate Abilities, Weirdness & Mutations

You are partially covered in thin metallic scales. (AC +2)
You regenerate magic rapidly.


Message History

The water moccasin bites you but does no damage.
You closely miss the water moccasin.
The water moccasin is moderately wounded.
The water moccasin closely misses you. The water moccasin misses you.
You completely miss the water moccasin.
The water moccasin is moderately wounded.
The water moccasin bites you. The water moccasin closely misses you.
You barely miss the water moccasin.
The water moccasin is moderately wounded.
The water moccasin barely misses you. The water moccasin bites you.
You are too injured to fight recklessly!
You are too injured to fight recklessly!
You are too injured to fight recklessly!
You are too injured to fight recklessly!
You are too injured to fight recklessly!
You hit the water moccasin.
The water moccasin is moderately wounded.
The water moccasin closely misses you.
The water moccasin bites you but does no damage.
You hit the water moccasin.
The water moccasin is moderately wounded.
The water moccasin bites you.
You are lethally poisoned!
The water moccasin poisons you!
The water moccasin bites you but does no damage.
You slash the water moccasin!
You punch the water moccasin, but do no damage.
The water moccasin is severely wounded.
* * * LOW HITPOINT WARNING * * *
You feel very sick. The water moccasin bites you.
* * * LOW HITPOINT WARNING * * *
You miss the water moccasin.
The water moccasin is severely wounded.
* * * LOW HITPOINT WARNING * * *
You feel very sick.
The water moccasin bites you but does no damage. x2
You barely miss the water moccasin.
The water moccasin is severely wounded.
You die...

####(.##..#..
##........
#.......#
##.#####.# #
#.## #. ##.#
#.##.##
#....######
##.@......#
#S####.....
#g ##.. #. #.
.. .. #.


You could see a water moccasin and a hobgoblin.

Vanquished Creatures
  Jessica (D:2)
  3 adders
  3 dart slugs
  2 orcs (D:3)
  2 endoplasms (D:3)
  7 hobgoblins
  4 ball pythons
  6 bats
  2 frilled lizards (D:3)
  9 goblins
  3 kobolds (D:3)
  4 rats
  A spectral kobold (D:2)
47 creatures vanquished.

Notes
Turn   | Place    | Note
-------+----------+-------------------------------------------
     0 | D:1      | growler the Demonspawn Wanderer began the quest for the
                  | Orb.
     0 | D:1      | growler set off with the following items: a +1 war axe, a
                  | scroll of fog, a +0 robe; and the following spell
                  | memorised: Necrotise; and the following spells available to
                  | memorise: Vampiric Draining.
     0 | D:1      | Reached XP level 1. HP: 15/15 MP: 2/2
   544 | D:1      | Gained mutation: You are partially covered in thin metallic
                  | scales. (AC +2) [demonic ancestry]
   544 | D:1      | Reached XP level 2. HP: 22/22 MP: 3/3
  1147 | D:2      | Gained mutation: You regenerate magic rapidly. [demonic
                  | ancestry]
  1147 | D:2      | Reached XP level 3. HP: 19/29 MP: 4/4
  1378 | D:2      | Found a hide-covered altar of Uskayaw.
  1466 | D:2      | Found a faded altar of an unknown god.
  1466 | D:2      | Noticed Jessica
  1477 | D:2      | Killed Jessica
  1860 | D:3      | Reached XP level 4. HP: 37/37 MP: 5/5
  2702 | D:3      | Found a sparkling altar of Nemelex Xobeh.
  2708 | D:3      | Found an iron altar of Okawaru.
  2713 | D:3      | Found a radiant altar of Vehumet.
  2831 | D:3      | Became a worshipper of Vehumet
  3142 | D:4      | Noticed a water moccasin
  3158 | D:4      | HP: 1/38 [poisoned by a water moccasin]
  3159 | D:4      | Succumbed to a water moccasin's poison

Illustrated notes

Levels and vault maps discovered:
D:1:      dpeg_arrival_shrine, layout_loops_ring
D:2:      layout_basic, basic_altar, dreamdust_ecumenical_altar_drowned_temple,
          uniq_jessica
D:3:      cheibrodos_greedy_goblins, layout_basic,
          minmay_overflow_temple_star_quad
D:4:      layout_layer_cave, mainiacjoe_overflow_large_starburst

Skill      XL: |  1  2  3  4 |
---------------+-------------+-----
Fighting       | 2 3 4 |  4.5
Axes           | |  3.6
Spellcasting   | |  1.0
Necromancy     | |  4.3

Action                   |  1- 3 |  4- 6 || total
-------------------------+-------+-------++-------
Melee: War axe           |    54 |    77 ||   131
       Punch             |       |     1 ||     1
Armor: Ring mail         |    28 |    39 ||    67
Dodge: Dodged            |    26 |    53 ||    79
